 Dungeon Crawl Stone Soup version 0.28-a0-667-g162e43154e (webtiles) character file.

Game seed: 18142147847526013150

214 Essalna the Firebug (level 5, -3/28 HPs)
             Began as a Gargoyle Fire Elementalist on Oct 17, 2021.
             Slain by Robin (5 damage)
             ... on level 4 of the Dungeon.
             The game lasted 00:06:56 (3949 turns).

Essalna the Firebug (Gargoyle Fire Elementalist)    Turns: 3949, Time: 00:06:57

Health: -3/28      AC:  6    Str: 12    XL:     5   Next: 92%
Magic:  8/10       EV: 11    Int: 16    God:
Gold:   132        SH:  0    Dex: 10    Spells: 4/11 levels left

rFire   . . .      SeeInvis .   l - +0 hand axe (freeze)
rCold   . . .      Faith    .   (no shield)
rNeg    + . .      Spirit   .   a - +0 robe
rPois   ∞          Reflect  .   (no helmet)
rElec   +          Harm     .   (no cloak)
rCorr   .          Rampage  .   (no gloves)
Will    .....                   (no boots)
Stlth   ++........              (no amulet)
HPRegen 0.09/turn               (no ring)
MPRegen 0.12/turn               (no ring)

@: no status effects
A: sickness immunity, AC +4, negative energy resistance 1, electricity
resistance, torment resistance 1, petrification resistance
a: no special abilities


You were on level 4 of the Dungeon.
You visited 1 branch of the dungeon, and saw 4 of its levels.

You collected 132 gold pieces.

Inventory:

Hand Weapons
 b - a +0 dagger
 l - a +0 hand axe of freezing (weapon)
Armour
 a - a +0 robe (worn)
Scrolls
 c - 3 scrolls of identify {unknown}
 f - a scroll of fog {unknown}
 h - a scroll of amnesia {unknown}
 i - a scroll of noise {unknown}
 j - a scroll of silence {unknown}
 k - a scroll of torment {unknown}
 m - a scroll of brand weapon {unknown}
Potions
 d - a potion of might {unknown}
 e - 3 potions of degeneration {unknown}
 g - a potion of invisibility {unknown}


   Skills:
 - Level 1.5 Dodging
 - Level 2.1 Stealth
 + Level 3.5 Spellcasting
 + Level 3.6 Conjurations
 + Level 4.4 Fire Magic


You had 4 spell levels left.
You knew the following spells:

 Your Spells              Type           Power      Damage    Failure   Level
a - Foxfire               Conj/Fire      60%        2x1d7     3%          1
b - Scorch                Fire           32%        2d6       4%          2
c - Flame Wave            Conj/Fire      15%        3d5       34%         4

Your spell library contained the following spells:

 Spells                   Type           Power      Damage    Failure   Level
 Conjure Flame            Conj/Fire      15%        6-21      11%         3
 Animate Skeleton         Necr           4%         N/A       19%         1
 Inner Flame              Hex/Fire       9%         N/A       22%         3
 Ensorcelled Hibernation  Hex/Ice        4%         N/A       26%         2
 Infestation              Necr           1%         N/A       100%        8
 Death's Door             Necr           1%         N/A       100%        9


Dungeon Overview and Level Annotations

Branches:
Dungeon (4/15)
 Temple: D:4-7

Altars:
Ru

Shops:
D:2 [   D:3 (

Annotations:
D:4 Robin


Innate Abilities, Weirdness & Mutations

You are immune to sickness and miasma.
Your stone body is resilient. (AC +4)
You are immune to poison.
You resist negative energy. (rN+)
You are resistant to electric shocks. (rElec)
You are resistant to unholy torment.
You are immune to petrification.


Message History

The hobgoblin splashes around in the water.
The goblin hits the plant with a +0 club.
The plant begins to die.
Robin roars a battlecry!
Items here: ( )))) ? †.
The hobgoblin hits something.
Robin hits something with a +4 trident of flaming.
Robin burns something.
A nearby plant withers and dies.
You hear a splashing noise.
You hear a splashing noise.
You hear a splashing noise.
You hear a splashing noise. x2
You hear a splashing noise.
You hear a shout!
Robin roars a battlecry!
The goblins go into a battle-frenzy!
There is an open door here.
The goblin no longer looks unusually strong.
The goblin no longer looks unusually strong.
The goblin barely misses you.
You slash the goblin! You freeze the goblin.
You kill the goblin!
You hit the goblin but do no damage. You closely miss the goblin.
The goblin misses you.
Robin hits you from afar with a +4 trident of flaming.
Robin burns you. The goblin barely misses you.
You hit the goblin. You freeze the goblin.
You kill the goblin!
Robin hits you from afar with a +4 trident of flaming!
Robin burns you.
You are too injured to fight recklessly!
You are too injured to fight recklessly!
Casting: Foxfire (safe; 3% risk of failure)
Confirm with . or Enter, or press ? or * to list all spells.
You conjure some foxfire!
Robin hits you from afar with a +4 trident of flaming!
* * * LOW HITPOINT WARNING * * *
Robin burns you.
You die...

#.####......P.....#####...##
#.# #............# ♣≈....#
#.# #............# ♣≈.....
#g# ####....#....##♣♣≈..≈♣.
#.# #..(.######≈♣≈≈.≈≈≈♣ #.#
#....# ♣♣P≈≈.≈≈P≈ #g# #..g.#
♣≈≈≈....≈≈ #.# #..v.#
♣P≈P....≈P #.# #..@)#
♣♣≈P...≈≈≈ #.# #..v.#
♣♣PP)..≈P≈ #.# #....#
♣≈≈....P≈≈ #.# #....#
♣≈≈....≈≈≈ #.# #....#
♣♣≈P...≈≈≈ #.# ######
#≈≈≈...≈≈≈ #.# ##♣...≈≈≈≈
#.########## ##...PP≈≈
#....g.g...# #....♣≈≈P


You could see Robin (ally target).

Vanquished Creatures
  A scorpion (D:4)
  A jelly (D:3)
  An orc wizard (D:3)
  3 adders
  An adder skeleton (D:4)
  A worm (D:3)
  2 dart slugs
  An orc (D:3)
  6 ball pythons
  7 bats
  3 endoplasms
  3 giant cockroaches
  13 goblins
  7 hobgoblins
  A frilled lizard (D:3)
  6 kobolds
  5 rats
62 creatures vanquished.

Vanquished Creatures (collateral kills)
  17 foxfires (D:4)
17 creatures vanquished.

Vanquished Creatures (others)
  254 foxfires
  13 plants (D:4)
267 creatures vanquished.

Grand Total: 346 creatures vanquished

Notes
Turn   | Place    | Note
-------+----------+-------------------------------------------
     0 | D:1      | Essalna the Gargoyle Fire Elementalist began the quest for
                  | the Orb.
     0 | D:1      | Reached XP level 1. HP: 10/10 MP: 3/3
   155 | D:1      | Reached XP level 2. HP: 15/15 MP: 0/5
   760 | D:1      | Got the Compendium of Entrancing Sinister Secrets
  1227 | D:2      | Reached XP level 3. HP: 19/19 MP: 2/6
  1789 | D:2      | Found Aphucyut's Antique Armour Emporium.
  2078 | D:3      | Found a sacrificial altar of Ru.
  2101 | D:3      | Reached XP level 4. HP: 20/24 MP: 1/8
  2204 | D:3      | Learned a level 2 spell: Scorch
  2659 | D:3      | Reached skill level 4 in Fire Magic
  2659 | D:3      | Reached XP level 5. HP: 28/28 MP: 0/9
  3071 | D:3      | Found Asuq's Weapon Shop.
  3604 | D:4      | Learned a level 4 spell: Flame Wave
  3886 | D:4      | Noticed Robin
  3949 | D:4      | Slain by Robin

Illustrated notes

Levels and vault maps discovered:
D:1:      dpeg_arrival_tiny_a, layout_basic, grunt_decor_cap
D:2:      layout_rooms, serial_shops, nicolae_lakefront_shop
D:3:      layout_loops_corners, nicolae_ru_great_annihilating_truth,
          serial_shops, nicolae_square_shop, chequers_arboretum
D:4:      layout_basic, serial_shops, nicolae_diamond_shop, serial_bayou,
          serial_bayou_pond_c, serial_bayou_shore_a, serial_bayou_ford_a,
          serial_bayou_pond_a, uniq_robin

Skill      XL: |  1  2  3  4 |
---------------+-------------+-----
Conjurations   | 2 3 |  3.6
Spellcasting   | 3 |  3.5
Fire Magic     | 4 |  4.4
Dodging        | |  1.5
Stealth        | |  2.1

Action                   |  1- 3 |  4- 6 || total
-------------------------+-------+-------++-------
Melee: Unarmed           |     3 |       ||     3
       Dagger            |    20 |    14 ||    34
       Hand axe          |       |    25 ||    25
 Cast: Foxfire           |    94 |    76 ||   170
Armor: Robe              |    10 |    20 ||    30
Dodge: Dodged            |    11 |    37 ||    48

Table legend: (Time is in decaauts)
 A = Elapsed time spent in this place.
 B = Non-inter-level travel time spent in this place.
 C = Inter-level travel time spent in this place.
 D = Time resting spent in this place.
 E = Time spent auto-exploring this place.
 F = Levels seen in this place.
 G = Mean time per level.
                   A        B        C        D        E       F      G
               +--------+--------+--------+--------+--------+-----+--------+
         Total |   3962 |   3879 |     83 |      0 |   3356 |   4 |  990.5 |
       Dungeon |   3962 |   3879 |     83 |      0 |   3356 |   4 |  990.5 |
               +--------+--------+--------+--------+--------+-----+--------+

Top non-repeatable levels by time:
     D:3: 1595 daAuts
     D:1: 1222 daAuts
     D:2: 773 daAuts
     D:4: 371 daAuts
